 Dungeon Crawl Stone Soup version 0.31-a0-986-g5e6e4ef867 (webtiles) character file.

Game seed: 7899918897117858450

10 Xavori the Trooper (level 2, -1/25 HPs)
             Began as a Djinni Chaos Knight on Nov 8, 2023.
             Was a Plaything of Xom.
             Slain by an endoplasm (2 damage)
             ... on level 1 of the Dungeon.
             The game lasted 00:00:28 (243 turns).

Xavori the Trooper (Djinni Chaos Knight)             Turns: 243, Time: 00:00:29

Health: -1/25      AC:  5    Str: 11    XL:     2   Next: 30%
Gold:   14         EV: 11    Int: 13    God:    Xom [..*...] SH:  0 Dex: 12

rFire   + + .        a - +0 falchion (chaos)
rCold   x . .        (no shield)
rNeg    . . .        b - +2 leather armour
rPois   ∞            (no helmet)
rElec   .            (no cloak)
rCorr   .            (no gloves)
SInv    .            (boots unavailable)
Will    .....        (no amulet)
Stlth   +            (no ring)
HPRegen 0.24/turn    (no ring)
MPRegen 0.00/turn

%: infuse magic (-2 HP)
@: flying
A: sickness immunity, fire resistance 2, cold vulnerability 1, float, innate
caster, HP casting, extra vitality 1
a: Renounce Religion


You were on level 1 of the Dungeon.
You worshipped Xom.
You were a toy of Xom.
You visited 1 branch of the dungeon, and saw 1 of its levels.

You collected 14 gold pieces.

Inventory:

Hand Weapons
 a - a +0 falchion of chaos (weapon)
Armour
 b - a +2 leather armour (worn)
Scrolls
 c - a scroll of butterflies
 e - a scroll of enchant armour {unknown}
Potions
 d - a potion of brilliance {unknown}


   Skills:
 + Level 3.1 Fighting
 + Level 2.8 Long Blades
 + Level 1.2 Armour
 + Level 2.3 Dodging
 * Level 0.4 Spellcasting
 * Level 0.4 Conjurations
 * Level 0.4 Hexes
   Level 0.0 Charms
 * Level 0.4 Summonings
 * Level 0.4 Necromancy
 * Level 0.4 Translocations
 * Level 0.4 Transmutations
 * Level 0.4 Fire Magic
 * Level 0.4 Ice Magic
 * Level 0.4 Air Magic
 * Level 0.4 Earth Magic
 * Level 0.4 Poison Magic You didn't know any spells. Your spell library was empty.

Dungeon Overview and Level Annotations

Branches:
Dungeon (1/15)

Altars:

Shops:
D:1 (


Innate Abilities, Weirdness & Mutations

You are immune to sickness and miasma.
You are immune to poison.
Your flesh is very heat resistant. (rF++)
You are vulnerable to cold. (rC-)
You float through the air rather than walking.
You learn spells naturally, not from books.
Your magical power is your life essence.
You have superior vitality. (+4 MHP)


Message History

An endoplasm is nearby!
You completely miss the endoplasm. The endoplasm freezes you.
You are frozen.
You feel a terrible chill!
You slash the endoplasm!
You kill the endoplasm! "Where it stops, nobody knows!"
Your surroundings suddenly seem different. 5 endoplasms come into view.
Found 8 stones, 13 gold pieces and a red potion.
Found a stone staircase leading down.
Unknown command.
Unknown command.
Found an escape hatch in the floor.
The endoplasm quivers.
Unknown command.
The endoplasm hits you but does no damage.
Unknown command.
You barely miss the endoplasm. The endoplasm closely misses you.
You barely miss the endoplasm.
The endoplasm quivers.
The endoplasm freezes you.
You are frozen!
You feel a terrible chill!
Xom roars with laughter!
The endoplasm hits you but does no damage. x2
Unknown command.
You hit the endoplasm.
The endoplasm is severely wounded.
The endoplasm hits you. The endoplasm freezes you.
You are frozen!
You feel a terrible chill! The endoplasm freezes you.
You are frozen!
You feel a terrible chill!
* * * LOW HITPOINT WARNING * * *
A shower of butterflies erupts from you!
You swap places.
The endoplasm misses your butterfly. The endoplasm closely misses you.
The endoplasm attacks as it pursues you!
The endoplasm hits you.
You die...

###### #######
#.....##.....##
..............##
...........!...#
.>.....J.bb..$.#
......JJbJ.....#
.......@J......#
.........>.....#
...............#
....(.........##
......#......##
.....##..#####
..... #... .....
##.. #... ##
#....


You could see 5 endoplasms.

Vanquished Creatures
  3 endoplasms (D:1)
  2 goblins (D:1)
  A quokka (D:1)
  A ball python (D:1)
  A frilled lizard (D:1)
8 creatures vanquished.

Vanquished Creatures (collateral kills)
  A frilled lizard (D:1)
1 creature vanquished.

Grand Total: 9 creatures vanquished

Notes
Turn   | Place    | Note
-------+----------+-------------------------------------------
     0 | D:1      | Xavori the Djinni Chaos Knight began the quest for the Orb.
     0 | D:1      | Reached XP level 1. HP: 20/20 MP: 0/0
    78 | D:1      | XOM: potion effect (heal wounds)
   105 | D:1      | Reached XP level 2. HP: 22/25 MP: 0/0
   187 | D:1      | Found Raem Ozisuqa's Antique Weapon Boutique.
   237 | D:1      | XOM: 1-stop teleportation journey
   242 | D:1      | HP: 1/25 [frozen (7)]
   242 | D:1      | XOM: butterfly on damage
   243 | D:1      | Slain by an endoplasm

Illustrated notes

Levels and vault maps discovered:
D:1:      dpeg_arrival_signposts, layout_rooms, serial_shops,
          nicolae_shop_waterfront, minmay_misc_feat_ornament

Action                     || total
---------------------------++-------
  Melee: Falchion          ||    37
 Armour: Leather armour    ||    30
  Dodge: Dodged            ||    18

Table legend: (Time is in decaauts)
 A = Elapsed time spent in this place.
 B = Non-inter-level travel time spent in this place.
 C = Inter-level travel time spent in this place.
 D = Time resting spent in this place.
 E = Time spent auto-exploring this place.
 F = Levels seen in this place.
 G = Mean time per level.
                   A        B        C        D        E       F      G
               +--------+--------+--------+--------+--------+-----+--------+
         Total |    249 |    249 |      0 |      0 |    174 |   1 |  249.0 |
       Dungeon |    249 |    249 |      0 |      0 |    174 |   1 |  249.0 |
               +--------+--------+--------+--------+--------+-----+--------+

Top non-repeatable levels by time:
     D:1: 249 daAuts
